 Dungeon Crawl Stone Soup version 0.31-a0-889-g1a8549509d (webtiles) character file.

Game seed: 4847818983411483997

2030 Azuregosa the Thaumaturge (level 9, -2/72 HPs)
             Began as a Mummy Wanderer on Oct 16, 2023.
             Was the Champion of Jiyva.
             Slain by a sun demon (18 damage)
             ... summoned by a kobold demonologist
             ... in a bailey.
             The game lasted 00:25:49 (6528 turns).

Azuregosa the Thaumaturge (Mummy Wanderer)          Turns: 6528, Time: 00:25:49

Health: -2/72      AC:  6    Str: 21    XL:     9   Next: 3%
Magic:  24/24      EV: 13    Int:  9    God:    Jiyva [******]
Gold:   184        SH:  0    Dex: 16    Spells: 29/30 levels left

rFire   x . .        s - +5 hammer of the Enchanted Forest {vamp, Fragile rC+ Str+5}
rCold   + + +        (no shield)
rNeg    + + +        d - +0 leather armour
rPois   ∞            (no helmet)
rElec   .            i - +2 ratskin cloak {*Rats rPois rN+ Str-1 Int-1 Dex+1}
rCorr   +            (no gloves)
SInv    .            (no boots)
Will    +....        (no amulet)
Stlth   +            e - ring of protection from cold
HPRegen 1.92/turn    (no ring)
MPRegen 0.69/turn

%: faith
@: no status effects
A: cold resistance 1, negative energy resistance 3, torment resistance 2, heat
vulnerability 1, in touch with death 1, no potions, faith
a: Renounce Religion, Oozemancy, Slimify


You were in a bailey.
You worshipped Jiyva.
Jiyva was exalted by your worship.
You visited 2 branches of the dungeon, and saw 10 of its levels.
You also visited: Bailey.

You collected 184 gold pieces.

Inventory:

Hand Weapons
 a - a +2 short sword
 f - a +2 dagger of flaming
 s - the +5 hammer of the Enchanted Forest (weapon) {vamp, Fragile rC+ Str+5}
   (You found it on level 7 of the Dungeon)

   Str+5:     It affects your strength (+5).
   rC+:       It protects you from cold.
   Fragile:   It will be destroyed if unequipped.
 t - a +4 hammer
 u - a +4 quarterstaff of chaos
Missiles
 n - 2 poisoned darts
 y - 4 stones
Armour
 b - a +0 cloak
 d - a +0 leather armour (worn)
 i - the +2 ratskin cloak (worn) {*Rats rPois rN+ Str-1 Int-1 Dex+1}
   (You found it on level 3 of the Dungeon)

   *Rats:     When the wearer is hurt, rats may emerge from it to assist them.
   Str-1:     It affects your strength (-1).
   Int-1:     It affects your intelligence (-1).
   Dex+1:     It affects your dexterity (+1).
   rPois:     It protects you from poison rN+: It protects you from negative
   energy.
 k - the +2 robe of the Nine Friends {Rampage rPois Str-3 Int-2}
   (You found it on level 3 of the Dungeon)

   Str-3:     It affects your strength (-3).
   Int-2:     It affects your intelligence (-2).
   rPois:     It protects you from poison Rampage: It bestows one free step when
   moving towards enemies.
 r - a +0 pair of boots
Jewellery
 e - a ring of protection from cold (left hand)
 o - a ring of resist corrosion
Wands
 v - a wand of acid (1)
 x - a wand of polymorph (8)
Scrolls
 c - a scroll of teleportation
 g - 2 scrolls of blinking {unknown}
 h - a scroll of immolation {unknown}
 l - a scroll of silence {unknown}
 q - a scroll of poison {unknown}
 w - a scroll of fear {unknown}
Potions
 j - 2 potions of might {unknown}
 m - a potion of heal wounds {unknown}
 p - a potion of attraction {unknown}


   Skills:
 - Level 7.2 Fighting
 - Level 2.4 Short Blades
 + Level 3.2 Dodging
 - Level 11.0 Spellcasting
 - Level 1.0 Evocations


You had 29 spell levels left.
You knew the following spells:

 Your Spells              Type           Power      Damage    Failure   Level
a - Kiss of Death         Conj/Necr      28%        2d7       16%         1

Your spell library contained the following spells:

 Spells                   Type           Power      Damage    Failure   Level
 Blink                    Tloc           8%         N/A       22%         2
 Vampiric Draining        Necr           7%         2d6       41%         3
 Volatile Blastmotes      Fire/Tloc      8%         2d10      41%         3
 Fulminant Prism          Conj/Hex       2%         3d5       83%         4
 Iskenderun's Mystic Bla  Conj/Tloc      4%         2d3       83%         4
 Manifold Assault         Tloc           4%         N/A       83%         4


Dungeon Overview and Level Annotations

Branches:
Dungeon (9/15)             Temple (1/1) D:5          Bailey (1/1)
   Lair: D:8-11         Orc: D:9-12

Altars:
Ashenzari
Cheibriados
Dithmenos
Fedhas
Gozag
Hepliaklqana
Kikubaaqudgha
Makhleb
Nemelex Xobeh
Okawaru
Qazlal
Ru
Sif Muna
Trog
Uskayaw
Vehumet
Wu Jian
Xom
Yredelemnul
Jiyva

Shops:
D:2 *   D:7 *

Annotations:
D:6 Eustachio


Innate Abilities, Weirdness & Mutations

You are immune to poison.
Your flesh is cold resistant. (rC+)
You are immune to negative energy. (rN+++)
You are immune to unholy pain and torment.
You are vulnerable to heat. (rF-)
You are in touch with the powers of death.
You do not drink.
You have a special connection with the divine. (Faith)


Message History

The kobold demonologist hits you with a +0 war axe!
The kobold demonologist hits you with a +0 war axe.
You hit the kobold demonologist.
You feel better.
The kobold demonologist is severely wounded.
The kobold demonologist hits you with a +0 war axe.
A river rat scurries out from under your cloak.
You barely miss the kobold demonologist.
The kobold demonologist is severely wounded.
You hear a distant slurping noise.
The kobold demonologist hits you but does no damage.
The kobold demonologist mumbles some strange words.
You hit the kobold demonologist.
The kobold demonologist is severely wounded.
Your river rat closely misses the kobold demonologist.
You hear a distant slurping noise.
The kobold demonologist hits you with a +0 war axe.
The kobold demonologist hits your river rat with a +0 war axe!
You hit the kobold demonologist but do no damage.
The kobold demonologist is severely wounded.
Your river rat bites the kobold demonologist but does no damage.
The kobold demonologist barely misses you.
The kobold demonologist hits your river rat with a +0 war axe.
Your river rat dies!
You barely miss the kobold demonologist.
The kobold demonologist is severely wounded.
The kobold demonologist hits you with a +0 war axe!
A hell rat scurries out from under your cloak.
The sun demon attacks as it pursues you!
The sun demon hits you but does no damage.
The sun demon hits you.
A hell rat scurries out from under your cloak.
You are engulfed in flames!
The fire burns you terribly!
Your hell rat bites the sun demon but does no damage.
The kobold demonologist closely misses you.
You hit the kobold demonologist.
The kobold demonologist is severely wounded.
The sun demon hits you!
* * * LOW HITPOINT WARNING * * *
You are engulfed in flames!!
The fire burns you terribly!
You die...

#..#
#J8#
#).#
##)#
#..#
#..#
#r.#
#r.#
#@3#
#+#K##
#....#
#....#
###).#
+....
####~~~
≈≈≈≈≈
≈≈≈≈


You could see a sun demon (summoned), a kobold demonologist (ally target) and 2
friendly hell rats.

Vanquished Creatures
  2 sky beasts
  An orc warrior (Bailey)
  2 ogres
  A centaur (D:4)
  A scorpion (D:7)
  A killer bee (D:8)
  2 orc priests
  A hound (D:5)
  2 sleepcaps (D:6)
  An iguana (D:7)
  2 orc wizards
  4 adders
  2 gnolls (D:8)
  4 white imps
  2 ufetubi (D:6)
  2 worms
  A dart slug (D:1)
  9 orcs
  2 bats
  A giant cockroach (D:1)
  10 goblins
  4 hobgoblins
  3 jackals (D:4)
  A kobold (D:1)
  2 quokkas (D:2)
  4 ball pythons
  A frilled lizard (D:1)
  2 rats (D:3)
70 creatures vanquished.

Vanquished Creatures (collateral kills)
  Grinder (D:5)
  Menkaure (D:7)
  An orc warrior (D:7)
  An ogre (D:5)
  3 bullfrogs
  2 killer bees (D:8)
  2 orc priests
  A gnoll bouda (D:8)
  Crazy Yiuf (D:7)
  A hound (D:6)
  A sleepcap (D:6)
  An iguana (D:4)
  2 orc wizards (D:6)
  3 gnolls (D:8)
  An adder (D:5)
  2 ufetubi (D:7)
  6 orcs
  4 goblins (Bailey)
  A hobgoblin (Bailey)
  A ball python (D:4)
36 creatures vanquished.

Vanquished Creatures (others)
  A black bear (D:6)
  A centaur (D:7)
  A bullfrog (D:7)
  3 scorpions
  A killer bee (D:8)
  10 jellies
  2 hounds
  3 orc wizards
  2 adders
  A dart slug (D:4)
  6 orcs
  2 ball pythons
  2 bats (D:1)
  2 endoplasms
  A giant cockroach (D:3)
  6 goblins
  A hobgoblin (D:1)
  2 kobolds
  3 rats (D:3)
50 creatures vanquished.

Grand Total: 156 creatures vanquished

Notes
Turn   | Place    | Note
-------+----------+-------------------------------------------
     0 | D:1      | Azuregosa the Mummy Wanderer began the quest for the Orb.
     0 | D:1      | Azuregosa set off with the following items: a +2 short
                  | sword, a +0 cloak, a scroll of teleportation, a +0 leather
                  | armour; and the following spell memorised: Kiss of Death;
                  | and the following spells available to memorise: Vampiric
                  | Draining.
     0 | D:1      | Reached XP level 1. HP: 15/15 MP: 4/4
   127 | D:1      | Reached XP level 2. HP: 22/22 MP: 5/5
   354 | D:1      | Found a faded altar of an unknown god.
   373 | D:1      | Prayed at the altar of an unknown god.
   373 | D:1      | Became a worshipper of Jiyva Juxtap the Shapeless
   373 | D:1      | Reached * piety under Jiyva
   839 | D:2      | Reached XP level 3. HP: 29/29 MP: 7/7
   884 | D:2      | Found Mythrisch's Assorted Antiques.
  1029 | D:2      | Reached ** piety under Jiyva
  1122 | D:2      | Reached skill level 3 in Spellcasting
  1135 | D:3      | Found the +2 ratskin cloak {*Rats rPois rN+ Str-1 Int-1
                  | Dex+1}
  1389 | D:3      | Reached *** piety under Jiyva
  1651 | D:3      | Identified the +2 robe of the Nine Friends {Rampage rPois
                  | Str-3 Int-2}
  1944 | D:4      | Reached skill level 4 in Spellcasting
  1944 | D:4      | Reached XP level 4. HP: 21/35 MP: 10/10
  2058 | D:5      | Entered Level 5 of the Dungeon
  2058 | D:5      | Found a staircase to the Ecumenical Temple.
  2060 | D:5      | Noticed an ogre
  2070 | D:5      | Killed an ogre
  2071 | D:5      | Reached skill level 5 in Spellcasting
  2071 | D:5      | Reached XP level 5. HP: 39/41 MP: 11/13
  2080 | D:5      | Reached **** piety under Jiyva
  2087 | Temple   | Entered the Ecumenical Temple
  2099 | D:5      | Noticed an ogre
  2117 | D:5      | Killed an ogre
  2118 | D:5      | Reached skill level 6 in Spellcasting
  2118 | D:5      | Reached XP level 6. HP: 47/47 MP: 13/15
  2127 | D:5      | Noticed Grinder
  2142 | D:5      | Reached skill level 7 in Spellcasting
  2178 | D:5      | Killed Grinder
  2179 | D:5      | Reached skill level 8 in Spellcasting
  2337 | D:4      | Reached XP level 7. HP: 47/52 MP: 19/19
  2380 | D:4      | Reached skill level 9 in Spellcasting
  3037 | D:4      | Reached ***** piety under Jiyva
  3129 | D:5      | Noticed Eustachio
  3753 | D:6      | Reached skill level 10 in Spellcasting
  3760 | D:6      | Found an ornate altar of the Wu Jian Council.
  4198 | D:8      | Reached XP level 8. HP: 53/58 MP: 22/22
  4245 | D:7      | Reached skill level 11 in Spellcasting
  4282 | D:7      | Found Isasideo's Lightly-Used Armoury.
  4304 | D:7      | Identified the +5 hammer of the Enchanted Forest {vamp,
                  | Fragile rC+ Str+5}
  4434 | D:7      | Found a runed translucent door.
  4435 | D:7      | Noticed Crazy Yiuf
  4442 | D:7      | Killed Crazy Yiuf
  4709 | D:7      | Noticed Menkaure
  4716 | D:7      | Killed Menkaure
  4717 | D:7      | Reached skill level 5 in Fighting
  5222 | D:7      | Reached ****** piety under Jiyva
  5722 | D:8      | Found an iron altar of Okawaru.
  6220 | D:8      | Found a radiant altar of Vehumet.
  6221 | D:8      | Found a shadowy altar of Dithmenos.
  6431 | D:9      | Found a flagged portal.
  6434 | Bailey   | Entered a bailey
  6477 | Bailey   | Reached XP level 9. HP: 46/72 MP: 24/24
  6507 | Bailey   | Noticed a kobold demonologist
  6510 | Bailey   | Noticed a hellwing
  6523 | Bailey   | Noticed a sun demon
  6528 | Bailey   | Slain by a sun demon

Illustrated notes

Levels and vault maps discovered:
D:1:      elethiomel_arrival_quiet, layout_loops_cross, basic_ecumenical_altar
D:2:      minmay_skewed_foursquare, layout_loops_cross, basic_altar,
          serial_shops, shop, uniq_natasha, uniq_robin
D:3:      layout_loops_ring
D:4:      layout_basic
D:5:      layout_cave_pools, minmay_temple_entry_offerings, serial_glass,
          glass_columns_a, glass_columns_a, minmay_circle_x, uniq_eustachio,
          uniq_grinder
D:6:      layout_rooms, nzn_wu_jian_council_hall
D:7:      layout_basic, minmay_shop_damaged, uniq_menkaure,
          uniq_crazy_yiuf_cottage
D:8:      layout_loops_ring, mainiacjoe_overflow_boulevard, minitemple,
          mrwooster_statue_mirror, dk_noncrumbling_3, kennysheep_boxes
D:9:      layout_roguey [special_room_orc], enter_bailey_1
Temple:   minmay_crystal_spiral_temple
Bailey:   bailey_axe_of_yendor_kennysheep, bailey

Skill      XL: |  1  2  3  4  5  6  7  8 |
---------------+-------------------------+-----
Fighting       | 2 3 7 |  7.2
Spellcasting   | 4 5 6 8 10 11 | 11.0
Dodging        | 3 |  3.2
Short Blades   | |  2.4
Evocations     | |  1.0

Action                     |  1- 3 |  4- 6 |  7- 9 || total
---------------------------+-------+-------+-------++-------
  Melee: Short sword       |   119 |    76 |   217 ||   412
         Punch             |       |     1 |     4 ||     5
         Mace              |       |       |    93 ||    93
   Cast: Kiss of Death     |       |     1 |       ||     1
   Stab: Distracted        |       |       |     2 ||     2
 Armour: Leather armour    |    72 |    48 |   351 ||   471
  Dodge: Dodged            |    61 |    38 |   297 ||   396

Table legend: (Time is in decaauts)
 A = Elapsed time spent in this place.
 B = Non-inter-level travel time spent in this place.
 C = Inter-level travel time spent in this place.
 D = Time resting spent in this place.
 E = Time spent auto-exploring this place.
 F = Levels seen in this place.
 G = Mean time per level.
                   A        B        C        D        E       F      G
               +--------+--------+--------+--------+--------+-----+--------+
         Total |   6520 |   6305 |    215 |   1400 |   3211 |  11 |  592.7 |
       Dungeon |   6411 |   6196 |    215 |   1400 |   3211 |   9 |  712.3 |
        Temple |      1 |      1 |      0 |      0 |      0 |   1 |    1.0 |
        Bailey |    106 |    106 |      0 |      0 |      0 |   1 |  106.0 |
               +--------+--------+--------+--------+--------+-----+--------+

Top non-repeatable levels by time:
     D:4: 1316 daAuts
     D:7: 1252 daAuts
     D:8: 1050 daAuts
     D:1: 778 daAuts
     D:3: 724 daAuts
     D:6: 567 daAuts
     D:2: 373 daAuts
     D:5: 343 daAuts
  Bailey: 106 daAuts
     D:9: 4 daAuts
  Temple: 1 daAuts
